PIO (24 & UNDER)
SASKATOON SMOKIN' GUNS @ CHULA VISTA TACOS
08/06/2028
 
TOP OF THE 1ST
Saskatoon Smokin' Guns batting - Pitching for Chula Vista Tacos : RHP Chris Jacobs
Pitching: RHP Chris Jacobs
Batting: RHB Pedro Cabrera 0-0: Called Strike
0-1: Ball
1-1: SINGLE (Groundball, 4MD)
Batting: RHB Julián García 0-0: Ball
1-0: Ball
2-0: Foul Ball, location: 2F
2-1: Grounds into double play, 4-6-3 (Groundball, 4)
Batting: LHB Bo Rush 0-0: Ball
1-0: Ground out 4-3 (Groundball, 34)
Top of the 1st over - 0 run(s), 1 hit(s), 0 error(s), 0 left on base; Saskatoon 0 - Chula Vista 0
BOTTOM OF THE 1ST
Chula Vista Tacos batting - Pitching for Saskatoon Smokin' Guns : RHP Arthur Kemp
Pitching: RHP Arthur Kemp
Batting: LHB Dale Miller 0-0: Ball
1-0: Called Strike
1-1: Called Strike
1-2: Ball
2-2: Strikes out swinging
Batting: RHB Ron Garrett 0-0: Ball
1-0: DOUBLE (Groundball, 3L)
Batting: LHB Nick Hill 0-0: Ball
1-0: Fly out, F7 (Flyball, 7LSF)
Batting: LHB Steven Smith 0-0: Ball
1-0: Ball
2-0: Ground out 4-3 (Groundball, 4)
Bottom of the 1st over - 0 run(s), 1 hit(s), 0 error(s), 1 left on base; Saskatoon 0 - Chula Vista 0
TOP OF THE 2ND
Saskatoon Smokin' Guns batting - Pitching for Chula Vista Tacos : RHP Chris Jacobs
Batting: RHB Rafael Gonzáles 0-0: Ground out 4-3 (Groundball, 4S)
Batting: LHB José Domínguez 0-0: Called Strike
0-1: Swinging Strike
0-2: Foul Ball, location: 2F
0-2: DOUBLE (Flyball, 8RXD)
Batting: RHB Joaquín Luna 0-0: Ball
1-0: Foul Ball, location: 2F
1-1: Ball
2-1: Ball
3-1: Foul Ball, location: 2F
3-2: Base on Balls
Batting: LHB Rubén Salazar 0-0: Ball
1-0: Foul Ball, location: 2F
1-1: Called Strike
1-2: Strikes out looking
Batting: RHB Johnny Hawson 0-0: Ball
1-0: Ball
2-0: Foul Ball, location: 2F
2-1: Fly out, F7 (Line Drive, 78M)
Top of the 2nd over - 0 run(s), 1 hit(s), 0 error(s), 2 left on base; Saskatoon 0 - Chula Vista 0
BOTTOM OF THE 2ND
Chula Vista Tacos batting - Pitching for Saskatoon Smokin' Guns : RHP Arthur Kemp
Batting: RHB Jake Lawrence 0-0: Foul Ball, location: 2F
0-1: Ball
1-1: Foul Ball, location: 2F
1-2: Strikes out swinging
Batting: RHB Matt O'Rourke 0-0: Ball
1-0: Ball
2-0: Called Strike
2-1: Swinging Strike
2-2: Ball
3-2: Strikes out swinging
Batting: RHB Domynguos Tabucchi 0-0: Called Strike
0-1: Swinging Strike
0-2: Foul Ball, location: 2F
0-2: Ball
1-2: Ground out 6-3 (Groundball, 6)
Bottom of the 2nd over - 0 run(s), 0 hit(s), 0 error(s), 0 left on base; Saskatoon 0 - Chula Vista 0
TOP OF THE 3RD
Saskatoon Smokin' Guns batting - Pitching for Chula Vista Tacos : RHP Chris Jacobs
Batting: RHB Artie Turner 0-0: Called Strike
0-1: Ball
1-1: Ball
2-1: Swinging Strike
2-2: Strikes out swinging
Batting: RHB Pedro Cabrera 0-0: Called Strike
0-1: Ball
1-1: SINGLE (Groundball, 34) (infield hit)
Batting: RHB Julián García 0-0: Ball
1-0: Fielders Choice at 2nd, 5-4 (Groundball, 56)
Batting: LHB Bo Rush 0-0: Ball
1-0: Ball
2-0: DOUBLE (Line Drive, 8RXD)
Julián García to third
Runner from 3rd tries for Home, SAFE, no throw
Batting: RHB Rafael Gonzáles 0-0: Foul Ball, location: 2F
0-1: Ball
1-1: SINGLE (Line Drive, 6M)
Bo Rush to third
Batting: LHB José Domínguez 0-0: Ball
1-0: Called Strike
1-1: Foul Ball, location: 2F
1-2: Strikes out looking
Top of the 3rd over - 1 run(s), 3 hit(s), 0 error(s), 2 left on base; Saskatoon 1 - Chula Vista 0
BOTTOM OF THE 3RD
Chula Vista Tacos batting - Pitching for Saskatoon Smokin' Guns : RHP Arthur Kemp
Batting: RHB Juan Morales 0-0: Called Strike
0-1: Swinging Strike
0-2: Strikes out swinging
Batting: RHB Preston Wooten 0-0: Called Strike
0-1: Called Strike
0-2: Strikes out swinging
Batting: LHB Dale Miller 0-0: Called Strike
0-1: Ball
1-1: Ball
2-1: Ball
3-1: Swinging Strike
3-2: Ground out 3-1 (Groundball, 34S)
Bottom of the 3rd over - 0 run(s), 0 hit(s), 0 error(s), 0 left on base; Saskatoon 1 - Chula Vista 0
TOP OF THE 4TH
Saskatoon Smokin' Guns batting - Pitching for Chula Vista Tacos : RHP Chris Jacobs
Batting: RHB Joaquín Luna 0-0: Bunted foul
0-1: Ball
1-1: Foul Ball, location: 2F
1-2: DOUBLE (Line Drive, 78M)
Batting: LHB Rubén Salazar 0-0: Ball
1-0: Swinging Strike
1-1: Ball
2-1: Foul Ball, location: 2F
2-2: Ground out U3 (Groundball, 3)
Joaquín Luna to third
Batting: RHB Johnny Hawson 0-0: Ground out 3-1 (Groundball, 34)
Joaquín Luna scores
Batting: RHB Artie Turner 0-0: Ground out 6-3 (Groundball, 6)
Top of the 4th over - 1 run(s), 1 hit(s), 0 error(s), 0 left on base; Saskatoon 2 - Chula Vista 0
BOTTOM OF THE 4TH
Chula Vista Tacos batting - Pitching for Saskatoon Smokin' Guns : RHP Arthur Kemp
Batting: RHB Ron Garrett 0-0: Foul Ball, location: 2F
0-1: Ball
1-1: Ground out 5-3 (Groundball, 56)
Batting: LHB Nick Hill 0-0: Ball
1-0: Ground out 4-3 (Groundball, 4)
Batting: LHB Steven Smith 0-0: Ball
1-0: Ball
2-0: Fly out, F9 (Flyball, 9LDF)
Bottom of the 4th over - 0 run(s), 0 hit(s), 0 error(s), 0 left on base; Saskatoon 2 - Chula Vista 0
TOP OF THE 5TH
Saskatoon Smokin' Guns batting - Pitching for Chula Vista Tacos : RHP Chris Jacobs
Batting: RHB Pedro Cabrera 0-0: Ball
1-0: Ball
2-0: SINGLE (Flyball, 89S)
Batting: RHB Julián García 0-0: Called Strike
0-1: Fielders Choice at 2nd, 6-4 (Groundball, 6)
Batting: LHB Bo Rush 0-0: Ball
1-0: Swinging Strike
1-1: Called Strike
1-2: Strikes out swinging
Batting: RHB Rafael Gonzáles 0-0: Ball
1-0: Called Strike
1-1: SINGLE (Line Drive, 8LS)
Julián García to second
Batting: LHB José Domínguez 0-0: Ball
1-0: Swinging Strike
1-1: Foul Ball, location: 2F
1-2: Fielders Choice at 2nd, 4-6 (Groundball, 34)
Top of the 5th over - 0 run(s), 2 hit(s), 0 error(s), 1 left on base; Saskatoon 2 - Chula Vista 0
BOTTOM OF THE 5TH
Chula Vista Tacos batting - Pitching for Saskatoon Smokin' Guns : RHP Arthur Kemp
Batting: RHB Jake Lawrence 0-0: Ground out 6-3 (Groundball, 6)
Batting: RHB Matt O'Rourke 0-0: Called Strike
0-1: Ball
1-1: Foul Ball, location: 2F
1-2: Foul Ball, location: 2F
1-2: Ball
2-2: Foul Ball, location: 2F
2-2: Ball
3-2: Strikes out looking
Batting: RHB Domynguos Tabucchi 0-0: Swinging Strike
0-1: Ball
1-1: Foul Ball, location: 2F
1-2: Fly out, F7 (Flyball, 7LM)
Bottom of the 5th over - 0 run(s), 0 hit(s), 0 error(s), 0 left on base; Saskatoon 2 - Chula Vista 0
TOP OF THE 6TH
Saskatoon Smokin' Guns batting - Pitching for Chula Vista Tacos : RHP Chris Jacobs
Batting: RHB Joaquín Luna 0-0: Ball
1-0: Called Strike
1-1: Called Strike
1-2: SINGLE (Groundball, 34D)
Batting: LHB Rubén Salazar 0-0: SINGLE (Flyball, 8RS)
Joaquín Luna to second
Batting: RHB Johnny Hawson 0-0: SINGLE (Line Drive, 78M)
Joaquín Luna to third
Rubén Salazar to second
Batting: RHB Artie Turner 0-0: Ball
1-0: Ball
2-0: Called Strike
2-1: Ball
3-1: Swinging Strike
3-2: SINGLE (Groundball, 4M)
Joaquín Luna scores
Rubén Salazar to third
Johnny Hawson to second
Pitching: RHP Carlos Madraso
Batting: RHB Pedro Cabrera 0-0: SINGLE (Flyball, 89S)
Rubén Salazar scores
Johnny Hawson to third
Artie Turner to second
Runner from 3rd tries for Home, SAFE, throw made at trailing runner, OUT at third!
Batting: RHB Julián García 0-0: Called Strike
0-1: Swinging Strike
0-2: Ball
1-2: Ball
2-2: Strikes out swinging
Batting: LHB Bo Rush 0-0: Fly out, F6 (Popup, 6)
Top of the 6th over - 3 run(s), 5 hit(s), 0 error(s), 1 left on base; Saskatoon 5 - Chula Vista 0
BOTTOM OF THE 6TH
Chula Vista Tacos batting - Pitching for Saskatoon Smokin' Guns : RHP Arthur Kemp
Batting: RHB Juan Morales 0-0: Ball
1-0: Called Strike
1-1: Swinging Strike
1-2: Ball
2-2: Strikes out looking
Batting: RHB Preston Wooten 0-0: Ball
1-0: Fly out, F5 (Line Drive, 56)
Batting: LHB Dale Miller 0-0: Ball
1-0: Ball
2-0: Foul Ball, location: 2F
2-1: Called Strike
2-2: Strikes out swinging
Bottom of the 6th over - 0 run(s), 0 hit(s), 0 error(s), 0 left on base; Saskatoon 5 - Chula Vista 0
TOP OF THE 7TH
Saskatoon Smokin' Guns batting - Pitching for Chula Vista Tacos : RHP Carlos Madraso
Batting: RHB Rafael Gonzáles 0-0: Ball
1-0: Foul Ball, location: 2F
1-1: SINGLE (Groundball, 34D)
Batting: LHB José Domínguez 0-0: Ball
1-0: Ball
2-0: Foul Ball, location: 2F
2-1: Called Strike
2-2: Strikes out looking
Batting: RHB Joaquín Luna 0-0: Ball
1-0: Called Strike
1-1: Called Strike
Rafael Gonzáles is caught stealing 2nd base
1-2: Foul Ball, location: 2F
1-2: Foul Ball, location: 2F
1-2: Ball
2-2: Ball
3-2: Foul Ball, location: 2F
3-2: SINGLE (Line Drive, 9LS)
Batting: LHB Rubén Salazar 0-0: Foul Ball, location: 2F
0-1: Swinging Strike
0-2: Ball
1-2: Strikes out looking
Top of the 7th over - 0 run(s), 2 hit(s), 0 error(s), 1 left on base; Saskatoon 5 - Chula Vista 0
BOTTOM OF THE 7TH
Chula Vista Tacos batting - Pitching for Saskatoon Smokin' Guns : RHP Arthur Kemp
Batting: RHB Ron Garrett 0-0: Fly out, F8 (Flyball, 78XD)
Batting: LHB Nick Hill 0-0: Ball
1-0: Ground out 3-1 (Groundball, 34)
Batting: LHB Steven Smith 0-0: Ball
1-0: Ball
2-0: Called Strike
2-1: Ball
3-1: Foul Ball, location: 2F
3-2: Foul Ball, location: 2F
3-2: Base on Balls
Batting: RHB Jake Lawrence 0-0: Ball
1-0: Ball
2-0: Swinging Strike
2-1: Ball
3-1: Foul Ball, location: 2F
3-2: Foul Ball, location: 2F
3-2: Foul Ball, location: 2F
3-2: Base on Balls
Steven Smith to second
Pitching: RHP Julián García
Batting: RHB Matt O'Rourke 0-0: Ball
1-0: Swinging Strike
1-1: Ball
2-1: Swinging Strike
2-2: Ball
3-2: Base on Balls
Steven Smith to third
Jake Lawrence to second
Batting: RHB Domynguos Tabucchi 0-0: Foul Ball, location: 2F
0-1: Ball
Wild Pitch!
Steven Smith scores
Jake Lawrence to third
Matt O'Rourke to second
1-1: Ball
2-1: SINGLE (Line Drive, 8RS)
Jake Lawrence scores
Matt O'Rourke to third
Runner from 3rd tries for Home, SAFE, no throw
Batting: RHB Juan Morales 0-0: Ball
1-0: Ground out 5-3 (Groundball, 56S)
Bottom of the 7th over - 3 run(s), 1 hit(s), 0 error(s), 1 left on base; Saskatoon 5 - Chula Vista 3
TOP OF THE 8TH
Saskatoon Smokin' Guns batting - Pitching for Chula Vista Tacos : RHP Carlos Madraso
Batting: RHB Johnny Hawson 0-0: SOLO HOME RUN (Flyball, 7LD), Distance : 369 ft
Batting: RHB Artie Turner 0-0: Ball
1-0: Ball
2-0: Fly out, F8 (Flyball, 8LM)
Batting: RHB Pedro Cabrera 0-0: Ball
1-0: Fly out, F9 (Flyball, 9)
Batting: RHB Julián García 0-0: Ball
1-0: Called Strike
1-1: Ball
2-1: Ball
3-1: SINGLE (Groundball, 56D)
Batting: LHB Bo Rush 0-0: Ball
Julián García is caught stealing 2nd base
Top of the 8th over - 1 run(s), 2 hit(s), 0 error(s), 0 left on base; Saskatoon 6 - Chula Vista 3
BOTTOM OF THE 8TH
Chula Vista Tacos batting - Pitching for Saskatoon Smokin' Guns : RHP Julián García
Batting: RHB Preston Wooten 0-0: Foul Ball, location: 2F
0-1: Ball
1-1: Ball
2-1: Swinging Strike
2-2: Foul Ball, location: 2F
2-2: Ball
3-2: SINGLE (Groundball, 6D)
Pitching: RHP Carlos Ortíz
Batting: LHB Dale Miller 0-0: Ball
1-0: Ball
2-0: Swinging Strike
2-1: Called Strike
2-2: Strikes out looking
Batting: RHB Ron Garrett 0-0: Ball
1-0: Called Strike
1-1: Swinging Strike
1-2: Foul Ball, location: 2F
1-2: Ball
2-2: Strikes out looking
Pitching: LHP Pedro González
Batting: LHB Nick Hill 0-0: Ball
1-0: Foul Ball, location: 2F
1-1: Foul Ball, location: 2F
1-2: Ball
2-2: Strikes out looking
Bottom of the 8th over - 0 run(s), 1 hit(s), 0 error(s), 1 left on base; Saskatoon 6 - Chula Vista 3
TOP OF THE 9TH
Saskatoon Smokin' Guns batting - Pitching for Chula Vista Tacos : RHP Carlos Madraso
Batting: LHB Bo Rush 0-0: Fly out, F7 (Flyball, 78M)
Batting: RHB Rafael Gonzáles 0-0: Ball
1-0: Swinging Strike
1-1: Ball
2-1: Ground out 5-3 (Groundball, 5S)
Batting: LHB José Domínguez 0-0: Ball
1-0: Ball
2-0: Called Strike
2-1: Called Strike
2-2: Ball
3-2: Strikes out swinging
Top of the 9th over - 0 run(s), 0 hit(s), 0 error(s), 0 left on base; Saskatoon 6 - Chula Vista 3
BOTTOM OF THE 9TH
Chula Vista Tacos batting - Pitching for Saskatoon Smokin' Guns : LHP Pedro González
Pitching: RHP Bernardo García
Batting: LHB Steven Smith 0-0: Ball
1-0: Foul Ball, location: 2F
1-1: Ball
2-1: Foul Ball, location: 2F
2-2: Strikes out swinging
Batting: RHB Jake Lawrence 0-0: Ball
1-0: Fly out, F7 (Line Drive, 7)
Batting: RHB Matt O'Rourke 0-0: Ball
1-0: Ball
2-0: Ball
3-0: Called Strike
3-1: Foul Ball, location: 2F
3-2: Foul Ball, location: 2F
3-2: Foul Ball, location: 2F
3-2: Ground out 5-3 (Groundball, 5)
Bottom of the 9th over - 0 run(s), 0 hit(s), 0 error(s), 0 left on base; Saskatoon 6 - Chula Vista 3
Tuesday, August 8th, 2017 - OOTP Baseball 17.12 Build 75